 Dungeon Crawl Stone Soup version 0.30-a0-424-g7412bad402 (webtiles) character file.

Game seed: 12628425182613369293

22362 p00ps00p the Cleaver (level 12, -9/115 HPs)
             Began as a Hill Orc Fighter on Dec 10, 2022.
             Was an Initiate of Gozag.
             Mangled by a skeletal warrior
             ... wielding a +0 long sword
              (23 damage)
             ... on level 13 of the Dungeon.
             The game lasted 00:22:39 (13681 turns).

p00ps00p the Cleaver (Hill Orc Fighter)            Turns: 13681, Time: 00:22:40

Health: -9/115     AC: 17    Str: 26    XL:     12   Next: 99%
Magic:  12/12      EV:  8    Int:  8    God:    Gozag
Gold:   1368       SH: 12    Dex: 10    Spells: 11/11 levels left

rFire   . . .      SeeInvis +    a - +8 war axe (flame)
rCold   . . .      Faith    .    c - +1 buckler
rNeg    . . .      Spirit   .    l - +0 chain mail
rPois   +          Reflect  +    r - +2 helmet
rElec   .          Harm     .    (no cloak)
rCorr   .          Rampage  .    (no gloves)
Will    .....                    J - +0 pair of boots
Stlth   ..........               B - amulet of reflection
HPRegen 0.39/turn                A - ring "Tozibun" {rPois Str+2}
MPRegen 0.13/turn                C - ring of see invisible

@: mighty, gold aura
A: no striking features
a: Renounce Religion, Potion Petition, Call Merchant, Bribe Branch


You were on level 13 of the Dungeon.
You worshipped Gozag.
Gozag was most pleased with you.
You visited 2 branches of the dungeon, and saw 13 of its levels.
You also visited: Ossuary.

You collected 3982 gold pieces.
You spent 1292 gold pieces at shops.
You paid 1322 gold pieces to Gozag.

Inventory:

Hand Weapons
 a - a +8 war axe of flaming (weapon)
 e - a +2 hand axe of freezing
Missiles
 v - 5 throwing nets (quivered)
 D - 21 poisoned darts
Armour
 b - +0 acid dragon scales
 c - a +1 buckler (worn)
 l - a +0 chain mail (worn)
 o - the -1 helmet of the Saviour {+Inv rPois Dex+4 Stlth-}
   (You found it on level 6 of the Dungeon)

   Dex:       It affects your dexterity (+4).
   rPois:     It protects you from poison.
   +Inv:      It lets you turn invisible.
   Stlth:     It makes you less stealthy.
 r - a +2 helmet (worn)
 J - a +0 pair of boots (worn)
Jewellery
 A - the ring "Tozibun" (left hand) {rPois Str+2}
   (You bought it in a shop on level 4 of the Dungeon)

   [ring of poison resistance]

   Str:       It affects your strength (+2).
   rPois:     It protects you from poison.
 B - an amulet of reflection (around neck)
 C - a ring of see invisible (right hand)
 E - a ring of ice
 F - a ring of protection from cold
 H - a ring of ice
Wands
 u - a wand of roots (23)
 y - a wand of charming (5)
Scrolls
 d - 2 scrolls of magic mapping
 f - 9 scrolls of teleportation
 j - a scroll of fog
 s - a scroll of brand weapon
 w - 2 scrolls of fear
 z - 3 scrolls of identify
 I - a scroll of amnesia
Potions
 g - a potion of curing
 h - 3 potions of flight
 i - 3 potions of ambrosia
 k - 2 potions of magic
 m - 3 potions of resistance
 n - 3 potions of degeneration
 p - 2 potions of lignification
 q - a potion of might
 t - a potion of berserk rage
 x - a potion of attraction


   Skills:
 + Level 13.2 Fighting
 + Level 14.1 Axes
 + Level 12.2 Armour
 + Level 12.2 Shields


You had 11 spell levels left.
You didn't know any spells.
Your spell library contained the following spells:

 Spells                   Type           Power      Damage    Failure   Level
 Shock                    Conj/Air       0%         1d3       92%         1
 Stone Arrow              Conj/Erth      0%         3d7       100%        3
 Swiftness                Air            0%         N/A       100%        3
 Airstrike                Air            0%         2d(0-16)  100%        4
 Animate Armour           Summ/Erth      0%         N/A       100%        4
 Olgreb's Toxic Radiance  Pois           0%         N/A       100%        4
 Haunt                    Necr/Summ      0%         N/A       100%        7
 Ozocubu's Refrigeration  Ice            0%         4d7       100%        7
 Ignition                 Fire           0%         3d3       100%        8
 Infestation              Necr           0%         N/A       100%        8
 Lehudib's Crystal Spear  Conj/Erth      0%         10d2      100%        8
 Animate Dead             Necr           Unusable   N/A       N/A         4

Dungeon Overview and Level Annotations

Branches:
Dungeon (13/15)            Temple (1/1) D:6            Lair (0/5) D:11
    Orc (0/2) D:11        Ossuary (visited)
 Vaults: D:13-14

Altars:
Ashenzari
Cheibriados
Dithmenos
Elyvilon
Fedhas
Gozag
Hepliaklqana
Kikubaaqudgha
Makhleb
Nemelex Xobeh
Okawaru
Qazlal
Ru
Sif Muna
Trog
Uskayaw
Vehumet
Wu Jian
Xom
Yredelemnul
Zin
The Shining One

Shops:
D:4 =   D:5 =   D:8 ?   D:9 (   D:12 [

Annotations:
D:10 3 runed translucent doors, MakMorn's ghost, journeyman AtBe


Message History

You closely miss the meliai.
The meliai is severely wounded.
The meliai hits you with a +0 hand axe!
* * * LOW HITPOINT WARNING * * *
You block the meliai's attack.
Unknown command.
You are confused.
You feel invigorated. The meliai closely misses you.
The meliai stings you but does no damage.
The meliai closely misses you.
The meliai stings you but does no damage.
You're too confused to move!
The meliai hits you but does no damage.
The meliai stings you but does no damage.
The meliai hits you with a +0 hand axe.
* * * LOW HITPOINT WARNING * * *
The meliai stings you but does no damage.
You hit the meliai. You burn the meliai.
The meliai is almost dead.
The meliai barely misses you.
The meliai stings you but does no damage.
The meliai is distracted by your dazzling golden aura.
The meliai buzzes angrily.
You slice the meliai!! You burn the meliai.
You kill the meliai!
You feel less invigorated.
You feel less confused.
You slice the skeletal warrior!! You burn the skeletal warrior.
The skeletal warrior is moderately damaged.
You hit the skeletal warrior. You burn the skeletal warrior.
The skeletal warrior is heavily damaged.
The skeletal warrior hits you with a +0 long sword!!
* * * LOW HITPOINT WARNING * * *
You slash the skeletal warrior! You burn the skeletal warrior.
The skeletal warrior is severely damaged.
The skeletal warrior hits you with a +0 long sword.
* * * LOW HITPOINT WARNING * * *
You feel better.
The skeletal warrior hits you with a +0 long sword!!
You die...
Your body crumbles into a pile of gold.

...###......>.#
##.........#..# ..
###.#.....##).####..
....#.#.####........
####..#.# #.....##.
.....>..# #....##
###..#### ##....#
#....#
#.....###.#...
#.#..# #.....@z....#
..####
#.....###..... .##
#.....# ##. ##
#.....# #.....#
#.....# #######


You could see a skeletal warrior.

Vanquished Creatures
  Fannar (D:11)
  2 boulder beetles
  A two-headed ogre (D:13)
  4 deep elf pyromancers
  2 cyclopes
  An elephant (D:11)
  Maurice (D:10)
  2 gargoyles
  Maggie (D:6)
  A kobold demonologist (D:6)
  3 unseen horrors
  A hornet (D:10)
  3 meliai (D:13)
  4 trolls
  Prince Ribbit (D:5)
  Grinder (D:5)
  4 wraiths
  A shadow (D:10)
  A vampire (D:11)
  2 wyverns
  23 yaks
  A basilisk (D:11)
  8 vampire mosquitoes
  A steam dragon (D:7)
  Menkaure (D:4)
  3 acid dragons
  4 ice beasts
  A sky beast (D:7)
  A black bear (D:11)
  8 orc warriors
  7 centaurs
  An ogre (D:6)
  3 bullfrogs
  3 kobold brigands
  5 scorpions
  2 gnoll sergeants
  11 wights
  A troll skeleton (D:9)
  6 howler monkeys
  38 killer bees (D:9)
  5 spriggan skeletons (D:9)
  An electric eel (D:8)
  12 orc priests
  A gnoll bouda (D:4)
  5 hounds
  3 iguanas
  7 orc wizards
  11 gnolls
  11 adders
  A shadow imp (D:4)
  3 white imps
  2 worms
  4 dart slugs
  34 orcs
  6 ball pythons
  3 endoplasms
  4 goblins
  5 hobgoblins
  A jackal (D:5)
  3 ball python skeletons (Ossuary)
  4 bats
  A frilled lizard (D:2)
  A hobgoblin skeleton (Ossuary)
  2 hobgoblin zombies (Ossuary)
  14 kobolds
  A kobold zombie (Ossuary)
  An orc skeleton (Ossuary)
  4 rats
  A rat zombie (D:6)
316 creatures vanquished.

Vanquished Creatures (others)
  A fungus (D:11)
1 creature vanquished.

Grand Total: 317 creatures vanquished

Notes
Turn   | Place    | Note
-------+----------+-------------------------------------------
     0 | D:1      | p00ps00p the Hill Orc Fighter began the quest for the Orb.
     0 | D:1      | Reached XP level 1. HP: 19/19 MP: 1/1
   107 | D:1      | Reached XP level 2. HP: 26/27 MP: 2/2
   120 | D:1      | Reached skill level 3 in Axes
   633 | D:2      | Reached XP level 3. HP: 32/33 MP: 3/3
   683 | D:2      | You fall into a shaft and drop 2 floors!
   855 | D:4      | Noticed Menkaure
   858 | D:4      | Killed Menkaure
   859 | D:4      | Reached skill level 4 in Axes
   859 | D:4      | Reached XP level 4. HP: 41/41 MP: 4/4
   859 | D:4      | Reached XP level 5. HP: 47/47 MP: 5/5
   882 | D:4      | Reached XP level 6. HP: 48/55 MP: 6/6
   883 | D:4      | Reached skill level 5 in Fighting
  1319 | D:4      | Reached skill level 5 in Axes
  1372 | D:4      | Reached skill level 5 in Armour
  1388 | D:4      | Reached skill level 5 in Shields
  1392 | D:4      | Reached XP level 7. HP: 25/61 MP: 7/7
  1678 | D:4      | Found Loinega's Jewellery Shoppe.
  1957 | D:5      | Entered Level 5 of the Dungeon
  2027 | D:5      | Noticed Prince Ribbit
  2031 | D:5      | Killed Prince Ribbit
  2032 | D:5      | Reached skill level 6 in Axes
  2089 | D:5      | Found a hide-covered altar of Uskayaw.
  2095 | D:5      | Found a glowing silver altar of Zin.
  2110 | D:5      | Reached XP level 8. HP: 71/71 MP: 8/8
  2111 | D:5      | Noticed Grinder
  2123 | D:5      | Killed Grinder
  2187 | D:5      | Found Jebof's Jewellery Emporium.
  2198 | D:5      | Reached skill level 7 in Axes
  2521 | D:5      | Found a burning altar of Makhleb.
  2604 | D:6      | HP: 3/73 [orc priest/+0 flail (6)]
  2880 | D:6      | Reached XP level 9. HP: 56/79 MP: 9/9
  2896 | D:6      | Found a sand-covered staircase.
  2915 | D:6      | Reached skill level 8 in Axes
  2932 | D:6      | Found a staircase to the Ecumenical Temple.
  2938 | Temple   | Entered the Ecumenical Temple
  3037 | Temple   | Became a worshipper of Gozag Ym Sagoz the Greedy
  3067 | Ossuary  | Entered an ossuary
  3720 | D:6      | Noticed a kobold demonologist
  3829 | D:6      | Noticed a troll
  3840 | D:6      | Killed a troll
  3847 | D:6      | Noticed an orange demon
  3848 | D:6      | Killed a kobold demonologist
  3849 | D:6      | Reached skill level 9 in Axes
  3867 | D:6      | Identified the -1 helmet of the Saviour {+Inv rPois Dex+4
                  | Stlth-}
  4102 | D:6      | Noticed Maggie
  4125 | D:6      | Killed Maggie
  4293 | D:6      | Reached XP level 10. HP: 87/91 MP: 10/10
  4569 | D:6      | Noticed a deep elf pyromancer
  4573 | D:6      | Killed a deep elf pyromancer
  5023 | D:7      | Found a broken altar of Ashenzari.
  5387 | D:7      | Found a snail-covered altar of Cheibriados.
  5429 | D:7      | Reached skill level 10 in Axes
  5865 | D:8      | Reached skill level 10 in Fighting
  5869 | D:8      | Found Coeneguq's Magic Scroll Boutique.
  6025 | D:8      | Bought a scroll of enchant weapon for 105 gold pieces
  6025 | D:8      | Bought a scroll of enchant weapon for 105 gold pieces
  6025 | D:8      | Bought a scroll of teleportation for 42 gold pieces
  6025 | D:8      | Bought a scroll of identify for 28 gold pieces
  6025 | D:8      | Bought a scroll of identify for 28 gold pieces
  6025 | D:8      | Bought a scroll of identify for 28 gold pieces
  6025 | D:8      | Bought a scroll of teleportation for 42 gold pieces
  6346 | D:8      | Found an iron altar of Okawaru.
  6346 | D:8      | Found a hazy altar of Hepliaklqana.
  6526 | D:9      | Reached skill level 11 in Axes
  6532 | D:9      | Reached XP level 11. HP: 79/101 MP: 11/11
  6925 | D:9      | Noticed a cyclops
  6933 | D:9      | Killed a cyclops
  6952 | D:9      | Found a stormy altar of Qazlal.
  6964 | D:9      | Identified the +1 leather armour of the Stag {rElec rC-
                  | Str+8 Int-3}
  7007 | D:9      | Reached skill level 10 in Armour
  7007 | D:9      | Reached skill level 10 in Shields
  8038 | D:9      | Reached skill level 12 in Axes
  9029 | D:10     | Entered Level 10 of the Dungeon
  9367 | D:10     | Found a white marble altar of Elyvilon.
  9405 | D:10     | Noticed Maurice
  9448 | D:10     | Killed Maurice
  9681 | D:10     | Found a runed translucent gate.
  9682 | D:10     | Found a runed translucent gate.
  9682 | D:10     | Found a runed translucent gate.
  9693 | D:10     | Noticed MakMorn's ghost (journeyman AtBe)
 10192 | D:11     | Noticed a boulder beetle
 10225 | D:11     | Killed a boulder beetle
 10226 | D:11     | Reached XP level 12. HP: 28/112 MP: 12/12
 11009 | D:4      | Bought the ring "Tozibun" {rPois Str+2} for 374 gold pieces
 11009 | D:4      | Bought an amulet of reflection for 360 gold pieces
 11015 | D:4      | Bought a ring of see invisible for 180 gold pieces
 11550 | D:11     | Noticed Fannar
 11552 | D:11     | Found a staircase to the Lair.
 11556 | D:11     | Reached skill level 13 in Axes
 11574 | D:11     | Killed Fannar
 12323 | D:11     | Found a staircase to the Orcish Mines.
 13200 | D:12     | Identified a scroll of acquirement
 13200 | D:12     | Acquired 1218 gold pieces
 13266 | D:12     | Noticed a boulder beetle
 13287 | D:12     | Killed a boulder beetle
 13617 | D:13     | Identified the +6 trident of Wu Jian's Favour {venom, rElec
                  | rCorr MP-9 Int+8}
 13655 | D:13     | Noticed a two-headed ogre
 13662 | D:13     | Killed a two-headed ogre
 13663 | D:13     | Reached skill level 14 in Axes
 13681 | D:13     | Mangled by a skeletal warrior

Illustrated notes

Levels and vault maps discovered:
D:1:      wheals_arrival_linesprint, layout_rooms
D:2:      layout_loops_corners
D:4:      layout_rooms, serial_shops, nicolae_shop_trees,
          minmay_fractal_squares_diagonal_5, uniq_menkaure
D:5:      layout_basic, lemuel_coloured_pillars_altar,
          chequers_temple_overflow_statue_of_worship, serial_shops, shop,
          hangedman_minor_gate_pass, uniq_grinder, uniq_prince_ribbit1
D:6:      minmay_chambers_of_sixes, layout_loops_ring,
          minmay_temple_entry_enclosed_plants, enter_ossuary_3,
          guppyfry_early_elven_hall, uniq_maggie
D:7:      layout_loops_ring, chei_slow_surprise, general_overflow_altar
D:8:      layout_gridville, nicolae_overflow_two_pavilions, serial_shops,
          nicolae_shop_temple_entry_statues_fountains
D:9:      wad_woods_minihive, layout_basic, mainiacjoe_overflow_boulevard,
          hangedman_tell_no_tales
D:10:     layout_loops_ring, elyvilon_altar_3, gammafunk_ghost_necromancy,
          uniq_maurice
D:11:     layout_irregular_city, david_lair_generic, david_orc_4,
          minmay_misc_feat_chi, uniq_fannar
D:12:     layout_loops_ring
D:13:     layout_rooms
Temple:   dshaligram_water_room_temple

Skill      XL: |  1  2  3  4  5  6  7  8  9 10 11 12 |
---------------+-------------------------------------+-----
Axes           | 3 4 5 6 7 9 11 12 14 | 14.1
Fighting       | 4 5 6 7 9 10 12 13 | 13.2
Armour         | 4 5 6 8 9 11 12 | 12.2
Shields        | 4 5 6 8 9 11 12 | 12.2

Action                   |  1- 3 |  4- 6 |  7- 9 | 10-12 || total
-------------------------+-------+-------+-------+-------++-------
Melee: War axe           |    73 |    37 |   195 |   566 ||   871
Throw: Throwing net      |       |       |       |     1 ||     1
Invok: Call Merchant     |       |       |       |     2 ||     2
Evoke: Wand              |     3 |     6 |     2 |     2 ||    13
  Use: Scroll            |     2 |     4 |    15 |    13 ||    34
       Potion            |       |     2 |     2 |     9 ||    13
 Stab: Distracted        |       |       |     1 |     6 ||     7
Armor: Scale mail        |    38 |    32 |     4 |       ||    74
       Chain mail        |       |       |    73 |   313 ||   386
Dodge: Dodged            |    36 |    31 |    65 |   170 ||   302
Block: Buckler           |    23 |    16 |    49 |   240 ||   328
       Reflection        |       |       |       |     2 ||     2

Table legend: (Time is in decaauts)
 A = Elapsed time spent in this place.
 B = Non-inter-level travel time spent in this place.
 C = Inter-level travel time spent in this place.
 D = Time resting spent in this place.
 E = Time spent auto-exploring this place.
 F = Levels seen in this place.
 G = Mean time per level.
                   A        B        C        D        E       F      G
               +--------+--------+--------+--------+--------+-----+--------+
         Total |  13736 |  12975 |    761 |   2463 |   8071 |  14 |  981.1 |
       Dungeon |  13098 |  12357 |    741 |   2430 |   7645 |  12 | 1091.5 |
        Temple |    119 |     99 |     20 |      0 |     80 |   1 |  119.0 |
       Ossuary |    518 |    518 |      0 |     33 |    346 |   1 |  518.0 |
               +--------+--------+--------+--------+--------+-----+--------+

Top non-repeatable levels by time:
     D:9: 2629 daAuts
    D:11: 1898 daAuts
     D:6: 1478 daAuts
     D:4: 1354 daAuts
    D:10: 1334 daAuts
     D:7: 1032 daAuts
    D:12: 994 daAuts
     D:8: 911 daAuts
     D:5: 682 daAuts
     D:1: 644 daAuts
 Ossuary: 518 daAuts
  Temple: 119 daAuts
    D:13: 79 daAuts
     D:2: 58 daAuts
